 Dungeon Crawl Stone Soup version 0.21-a0-229-g3587535 (webtiles) character file.

20 tof the Caller (level 2, 0/19 HPs)
             Began as a Merfolk Summoner on Sept 1, 2017.
             Slain by an adder (4 damage)
             ... on level 1 of the Dungeon.
             The game lasted 00:05:34 (1376 turns).

tof the Caller (Merfolk Summoner)                   Turns: 1376, Time: 00:05:35

Health: 0/19       AC:  2    Str:  8    XL:     2   Next: 79%
Magic:  1/5        EV: 14    Int: 14    God:
Gold:   28         SH:  0    Dex: 14    Spells: 4/5 levels left

rFire    . . .     SeeInvis .   (no weapon)
rCold    . . .     Gourm    +   (no shield)
rNeg     . . .     Faith    .   a - +0 robe
rPois    .         Spirit   .   (no helmet)
rElec    .         Reflect  .   (no cloak)
rCorr    .         Harm     .   (no gloves)
MR       .....                  (no boots)
Stlth    ++........             k - amulet of the gourmand
HPRegen  0.06/turn              (no ring)
MPRegen  0.09/turn              (no ring)

@: lethally poisoned (0 -> -4)
A: change form in water, swift swim, stealthy swim
a: no special abilities


You were on level 1 of the Dungeon.
You were not hungry.

You visited 1 branch of the dungeon, and saw 2 of its levels.

You collected 28 gold pieces.

Inventory:

Armour
 a - a +0 robe (worn)
Jewellery
 k - an amulet of the gourmand (around neck)
Scrolls
 e - 2 scrolls of random uselessness {unknown}
 f - 2 scrolls of teleportation {unknown}
 i - a scroll of identify {unknown}
 j - a scroll of recharging {unknown}
Potions
 d - a potion of curing {unknown}
 g - a potion of haste {unknown}
 h - a potion of lignification {unknown}
Books
 b - a book of Callings

   Spells                             Type                      Level
   a - Summon Small Mammal            Summoning                    1
   b - Call Imp                       Summoning                    2
   c - Call Canine Familiar           Summoning                    3
   d - Summon Guardian Golem          Hexes/Summoning              3
   e - Summon Lightning Spire         Summoning/Air                4
   f - Summon Ice Beast               Ice/Summoning                4
Comestibles
 c - a bread ration


   Skills:
 * Level 3.6 Dodging
 + Level 2.2 Stealth
 + Level 2.1 Spellcasting
 * Level 4.2 Summonings


You had 4 spell levels left.
You knew the following spells:

 Your Spells              Type           Power        Failure   Level  Hunger
a - Summon Small Mammal   Summ           ##..         4%          1    #......


Dungeon Overview and Level Annotations

Branches:
Dungeon (2/15)

Altars:


Message History

Your quokka bites the adder.
The adder bites you.
You are poisoned.
The adder poisons you!
Your quokka barely misses the adder.
You feel sick. The adder closely misses you.
Your quokka bites the adder.
Your quokka disappears in a puff of smoke!
* * * LOW HITPOINT WARNING * * *
You feel sick.
There is an escape hatch in the ceiling here.
The adder barely misses you.
Your quokka barely misses the adder.
The adder misses you. A mysterious force pulls you upwards.
The hatch slams shut behind you. 2 bats come into view.
You miss the adder.
The adder is severely wounded.
* * * LOW HITPOINT WARNING * * *
You feel sick. The bat misses you. The adder barely misses you.
You closely miss the adder.
The adder is severely wounded.
The bat hits you but does no damage. The adder bites you.
You die...

# ##.#.......#........r.... ###
#.####.#..........#####. ..# #.#
#.#......###r# #. #.# ##.##
#.#.##..## #.# ##. #.# ####...#
#.#.##..####r####(. #.# #......#
#.#.##..#....rr.##. ..# #.##...#
#...##....#####.##. ######.######
#.#....##.# #r##. ..........#
#S@b......# #.##. ...#......#
#....####.# #r##. ..###.....#
#.........#####.##.
...#......#####.......(....r..##.
.......(...........#####.####.##.
...#<..#...####..#.###...## #.##.
#.###.###.## #..#........###.##.
..>#...#(.#####..#............##.
...........(.......#.......#####.


You could see an adder and a bat.

Vanquished Creatures
  A goblin (D:1)
  A bat (D:1)
  A rat (D:1)
3 creatures vanquished.

Vanquished Creatures (collateral kills)
  A dart slug (D:1)
  A leopard gecko (D:1)
  2 giant cockroaches (D:1)
  5 goblins (D:1)
  2 hobgoblins (D:1)
  3 kobolds (D:1)
  2 bats (D:1)
  4 frilled lizards (D:1)
  3 rats
23 creatures vanquished.

Grand Total: 26 creatures vanquished

Notes
Turn   | Place    | Note
-------+----------+-------------------------------------------
     0 | D:1      | tof the Merfolk Summoner began the quest for the Orb.
     0 | D:1      | Reached XP level 1. HP: 13/13 MP: 3/3
   372 | D:1      | Reached XP level 2. HP: 19/19 MP: 1/5
  1376 | D:1      | Slain by an adder

Vault maps used:
D:1:      minmay_arrival_five_plusses
D:2:      serial_aquarium, aquarium_bridge_long_joined, aquarium_window_corner,
          aquarium_window_2, aquarium_window_fake, aquarium_window_2,
          aquarium_view_2e, aquarium_view_2a, aquarium_balcony_3a,
          aquarium_pool_four

Skill      XL: |  1 |
---------------+----+-----
Dodging        | 3 |  3.6
Stealth        | |  2.2
Spellcasting   | |  2.1
Summonings     | |  4.2

Action                   || total
-------------------------++-------
Melee: Unarmed           ||    44
 Cast: Summon Small Mamm ||    60
 Stab: Sleeping          ||     1
  Eat: Chunk             ||     5
Armor: Robe              ||    21
Dodge: Dodged            ||    70

Table legend:
 A = Spawn XP
 B = Non-spawn XP
 C = Spawn XP percentage of total XP
 D = Spawn monster count
 E = Non-spawn monster count
 F = Spawn count percentage of total count
 G = Total turns spent on level
                    A         B        C        D         E        F      G
               +---------+---------+-------+---------+---------+-------+---------
         Total |       1 |      28 |   3.4 |       1 |      25 |   3.8 |  1376
               +---------+---------+-------+---------+---------+-------+---------
           D:1 |       1 |      27 |   3.6 |       1 |      24 |   4.0 |  1278
           D:2 |       0 |       1 |   0.0 |       0 |       1 |   0.0 |    98
               +---------+---------+-------+---------+---------+-------+---------
